 Dungeon Crawl Stone Soup version 0.24-a0-264-gf46a388 (webtiles) character file.

Game seed: 945968728470323560

4833 Hasart the Martial Artist (level 10, -13/69 HPs)
             Began as an Octopode Monk on Apr 20, 2019.
             Was an Initiate of Gozag.
             Mangled by a two-headed ogre
             ... wielding a +0 giant club
              (35 damage)
             ... on level 8 of the Dungeon.
             The game lasted 00:17:24 (9846 turns).

Hasart the Martial Artist (Octopode Monk)           Turns: 9846, Time: 00:17:25

Health: -13/69     AC:  1    Str: 11    XL:     10   Next: 49%
Magic:  14/14      EV: 17    Int: 13    God:    Gozag
Gold:   686        SH:  3    Dex: 17    Spells: 9/9 levels left

rFire    . . .     SeeInvis +     - Unarmed
rCold    . . .     Gourm    .   (no shield)
rNeg     . . .     Faith    .   (helmet restricted)
rPois    .         Spirit   .   t - +3 amulet of reflection
rElec    .         Reflect  +   c - ring of see invisible
rCorr    .         Harm     .   D - +6 ring of slaying
MR       .....                  (no ring)
Stlth    +++++.....             (no ring)
HPRegen  0.21/turn              (no ring)
MPRegen  0.14/turn              (no ring)
                                (no ring)
                                (no ring)

@: drained
A: almost no armour, stealthy swim, amphibious, 8 rings, constrict 8, camouflage
1, gelatinous body 1
a: Potion Petition, Call Merchant, Bribe Branch, Renounce Religion


You were on level 8 of the Dungeon.
You worshipped Gozag.
Gozag was pleased with you.
You were not hungry.

You visited 2 branches of the dungeon, and saw 9 of its levels.
You also visited: Ossuary.

You collected 1156 gold pieces.
You paid 470 gold pieces to Gozag.

Inventory:

Jewellery
 c - a ring of see invisible (left tentacle)
 t - a +3 amulet of reflection (around mantle)
 D - a +6 ring of slaying (right tentacle)
Wands
 m - a wand of digging (5)
 w - a wand of acid (5)
 z - a wand of polymorph (10)
 F - a wand of iceblast (2)
Scrolls
 b - 10 scrolls of identify {unknown}
 e - 4 scrolls of remove curse {unknown}
 h - 3 scrolls of blinking {unknown}
 i - 5 scrolls of fog {unknown}
 j - 3 scrolls of teleportation {unknown}
 l - 2 scrolls of immolation {unknown}
 n - 2 scrolls of enchant armour {unknown}
 p - 3 scrolls of random uselessness {unknown}
 v - a scroll of magic mapping {unknown}
 y - a scroll of amnesia {unknown}
 A - a scroll of noise {unknown}
 G - a scroll of enchant weapon {unknown}
Potions
 d - 7 potions of curing
 f - a potion of haste {unknown}
 g - 3 potions of magic {unknown}
 k - a potion of cancellation {unknown}
 o - 3 potions of heal wounds {unknown}
 q - 3 potions of ambrosia {unknown}
 r - 4 potions of degeneration {unknown}
 s - a potion of brilliance {unknown}
 u - 2 potions of berserk rage {unknown}
 x - 2 potions of resistance {unknown}
 B - a potion of invisibility {unknown}
 E - a potion of mutation {unknown}
Comestibles
 a - 16 rations


   Skills:
 + Level 6.9(6.2) Fighting
 + Level 6.9(6.3) Dodging
 + Level 9.3(8.6) Stealth
 * Level 9.5(8.8) Unarmed Combat
 + Level 6.1(5.5) Evocations


You had 9 spell levels left.
You didn't know any spells.
Your spell library contained the following spells:

 Spells                   Type           Power        Failure   Level  Hunger
 Sandblast                Erth           #.....       30%         1    ##.....
 Passwall                 Tmut/Erth      #.......     43%         2    ###....
 Stone Arrow              Conj/Erth      #.....       67%         3    ####...
 Petrify                  Tmut/Erth      #.......     97%         4    #####..
 Lee's Rapid Deconstruct  Erth           #.........   100%        5    ######.


Dungeon Overview and Level Annotations

Branches:
Dungeon (8/15)             Temple (1/1) D:4
   Lair: D:8-11

Altars:
Ashenzari
Cheibriados
Elyvilon
Fedhas
Gozag
Hepliaklqana
Kikubaaqudgha
Makhleb
Nemelex Xobeh
Okawaru
Qazlal
Ru
Sif Muna
Trog
Uskayaw
Vehumet
Wu Jian
Xom
Yredelemnul
Zin

Shops:
D:4 (   D:7 %

Annotations:
D:4 1 runed translucent door, Crazy Yiuf


Innate Abilities, Weirdness & Mutations

You cannot wear most types of armour.
You are very stealthy in the water. (Stealth+)
You are amphibious.
You can wear up to eight rings at the same time.
You can use your tentacles to constrict eight enemies at once.
Your skin changes colour to match your surroundings (Stealth+).
Your rubbery body absorbs attacks. (AC +1, EV +1)


Message History

You don't have any such object.
Evoke which item? (* to show all) (? for menu, Esc to quit)
That's the wrong kind of item! (Use * to select it.) Evoke which item? (* to show all) (? for menu, Esc to quit)
Okay, then.
Evoke which item? (* to show all) (? for menu, Esc to quit)
Okay, then.
You aren't carrying any wearable armour.
Evoke which item? (* to show all) (? for menu, Esc to quit)
Aiming: Corrosive Bolt
Press: ? - help, Shift-Dir - straight line, f/p - two-headed ogre
Aim: a two-headed ogre, wielding two +0 giant clubs The bolt of acid hits the two-headed ogre!!
The two-headed ogre is splashed with acid.
The acid corrodes the two-headed ogre!
The two-headed ogre is heavily wounded.
The two-headed ogre hits you with a +0 giant club!!
Ouch! That really hurt!
You die...
Your body crumbles into a pile of gold.

################
..........)....#
##############># #
#.# ## #.#
.#############.###
.................#
.#############.#.#
## #.#@# .#
#.#O########## .#
#............# .#
###.########.#
.### ##.# #.# ...#
... #.# .#.#
#.#.#######.# .#.#
..#.^.##.##.# .#.#
.#####.......#


You could see a two-headed ogre.

Vanquished Creatures
  Pikel (D:5)
  Grinder (D:3)
  A hippogriff (D:7)
  A human (D:7)
  4 hogs (D:7)
  Grum (D:8)
  A water moccasin (D:6)
  2 ice beasts
  An orc warrior (D:7)
  3 sky beasts
  4 wolves (D:8)
  An ogre (D:7)
  2 centaurs
  3 elf zombies (Ossuary)
  A bullfrog (D:8)
  6 killer bees (D:7)
  6 wights
  A howler monkey (D:5)
  2 centaur zombies
  4 hounds
  A crimson imp (D:6)
  A jelly (D:5)
  3 orc priests
  A bullfrog skeleton (D:6)
  A centaur skeleton (D:6)
  A gnoll shaman (D:5)
  Ijyb (D:5)
  Natasha (twice) (D:3)
  An iguana (D:5)
  4 orc wizards
  3 worker ants
  3 big kobold zombies (Ossuary)
  A hound skeleton (D:4)
  A hound zombie (D:6)
  2 mummies (Ossuary)
  A worker ant zombie (D:7)
  Robin (D:2)
  4 gnolls
  11 adders
  An ooze (D:2)
  3 adder zombies
  An adder skeleton (D:5)
  7 worms
  5 dart slugs
  4 leopard geckos
  8 orcs
  A ball python (D:2)
  12 bats
  3 giant cockroaches
  16 goblins
  18 hobgoblins
  10 jackals
  3 quokkas
  9 frilled lizards
  A goblin zombie (Ossuary)
  9 hobgoblin zombies (Ossuary)
  2 jackal zombies (Ossuary)
  7 kobolds
  7 kobold zombies (Ossuary)
  10 orc zombies (Ossuary)
  A quokka zombie (D:5)
  7 rats
234 creatures vanquished.

Vanquished Creatures (others)
  A worker ant (D:5)
1 creature vanquished.

Grand Total: 235 creatures vanquished

Notes
Turn   | Place    | Note
-------+----------+-------------------------------------------
     0 | D:1      | Hasart the Octopode Monk began the quest for the Orb.
     0 | D:1      | Reached XP level 1. HP: 16/16 MP: 1/1
   109 | D:1      | Reached XP level 2. HP: 21/21 MP: 2/2
   467 | D:1      | Reached XP level 3. HP: 25/26 MP: 3/3
  1090 | D:2      | Reached XP level 4. HP: 31/31 MP: 4/4
  1582 | D:2      | Noticed Robin
  1667 | D:2      | Killed Robin
  1667 | D:2      | Reached XP level 5. HP: 25/37 MP: 5/5
  1850 | D:2      | Found a hide-covered altar of Uskayaw.
  2531 | D:3      | Noticed Grinder
  2547 | D:3      | Killed Grinder
  2547 | D:3      | Reached skill level 5 in Unarmed Combat
  2547 | D:3      | Reached skill level 1 in Evocations
  2547 | D:3      | Reached XP level 6. HP: 18/43 MP: 5/7
  3400 | D:3      | Noticed Natasha
  3409 | D:3      | Killed Natasha
  3409 | D:3      | Reached XP level 7. HP: 35/48 MP: 8/8
  3432 | D:3      | Noticed Natasha
  3438 | D:3      | Killed Natasha
  3438 | D:3      | Reached skill level 5 in Stealth
  4116 | D:4      | Found a runed translucent door.
  4117 | D:4      | Noticed Crazy Yiuf
  4170 | D:4      | Found a staircase to the Ecumenical Temple.
  4181 | Temple   | Entered the Ecumenical Temple
  4215 | Temple   | Became a worshipper of Gozag Ym Sagoz the Greedy
  4266 | D:4      | Found Wyuvidgh's Weapon Emporium.
  4555 | D:5      | Entered Level 5 of the Dungeon
  4967 | D:5      | Found a white marble altar of Elyvilon.
  4968 | D:5      | Noticed Pikel
  4983 | D:5      | Killed Pikel
  4983 | D:5      | Reached skill level 5 in Fighting
  4983 | D:5      | Reached skill level 5 in Dodging
  4983 | D:5      | Reached XP level 8. HP: 31/55 MP: 8/10
  5479 | D:5      | Noticed Ijyb
  5530 | D:5      | Killed Ijyb
  6007 | D:6      | Reached XP level 9. HP: 50/61 MP: 12/12
  6101 | D:6      | You fall through a shaft for 2 floors!
  6227 | D:8      | Noticed a two-headed ogre
  6240 | D:8      | Noticed Grum
  6261 | D:8      | HP: 2/61 [Grum/-1 spear (16)]
  6264 | D:8      | Killed Grum
  6698 | D:7      | Reached skill level 5 in Evocations
  6826 | D:7      | Found a sand-covered staircase.
  6860 | Ossuary  | Entered an ossuary
  7337 | D:7      | Found a sacrificial altar of Ru.
  7495 | D:7      | Reached XP level 10. HP: 61/69 MP: 14/14
  8549 | D:6      | Found a sparkling altar of Nemelex Xobeh.
  9846 | D:8      | Mangled by a two-headed ogre

Levels and vault maps discovered:
D:1:      evilmike_arrival_crescent, layout_loops_ring
D:2:      minmay_chambers_of_twos, layout_basic, eat_drink_and_be_merry_uskayaw,
          uniq_robin
D:3:      minmay_octagon_keep, layout_basic, uniq_grinder, uniq_natasha
D:4:      layout_loops_cross, minmay_temple_entry_glassed_door, serial_shops,
          nicolae_shop_waterfront, uniq_crazy_yiuf_cottage
D:5:      layout_basic, first_ration, kennysheep_flooded_box,
          skrybe_limestone_x, grunt_ministairs_11, uniq_pikel, uniq_ijyb
D:6:      layout_cave_pools, basic_altar
D:7:      layout_basic, nicolae_ossuary_entry_plus, grunt_livestock,
          hangedman_decor_push, nicolae_ru_the_path_less_chosen
D:8:      layout_loops_ring, uniq_grum
Temple:   nicolae_temple_the_god_donut
Ossuary:  ossuary_tomb_1

Skill      XL: |  1  2  3  4  5  6  7  8  9 10 |
---------------+-------------------------------+-----
Stealth        | 3 4 6 7 8 9 |  9.3
Unarmed Combat | 4 5 6 7 8 9 |  9.5
Fighting       | 4 5 6 |  6.9
Dodging        | 4 5 6 |  6.9
Evocations     | 1 3 4 5 6 |  6.1

Action                   |  1- 3 |  4- 6 |  7- 9 | 10-12 || total
-------------------------+-------+-------+-------+-------++-------
Melee: Unarmed           |    85 |   155 |   322 |   117 ||   679
       Constrict         |    24 |    42 |    75 |    20 ||   161
       Tentacles         |    13 |    27 |    77 |    26 ||   143
       Punch             |     1 |     6 |    22 |    10 ||    39
Invok: Potion Petition   |       |       |     1 |       ||     1
       Call Merchant     |       |       |       |     1 ||     1
Evoke: Wand              |       |       |     1 |    11 ||    12
  Use: Potion            |       |     1 |       |       ||     1
 Stab: Sleeping          |    12 |     8 |    19 |     5 ||    44
       Distracted        |       |       |     1 |       ||     1
  Eat: Chunk             |     1 |     7 |     3 |       ||    11
       Ration            |       |       |     3 |     2 ||     5
Armor: Skin              |     8 |    10 |    12 |     1 ||    31
Dodge: Dodged            |    57 |   104 |   148 |    63 ||   372
Block: Other             |       |     1 |    31 |     8 ||    40
       Reflection        |       |       |       |     1 ||     1

Table legend:
 A = Non-vault XP
 B = Vault XP
 C = Vault XP percentage of total XP
 D = Non-vault monster count
 E = Vault monster count
 F = Vault count percentage of total count
                 A         B        C        D         E       F
            +---------+---------+-------+---------+---------+-------
      Total |    3525 |    3380 |  49.0 |     148 |      86 |  36.8
            +---------+---------+-------+---------+---------+-------
        D:1 |      58 |       0 |   0.0 |      26 |       0 |   0.0
        D:2 |      72 |      93 |  56.4 |      34 |      21 |  38.2
        D:3 |      47 |     382 |  89.0 |      10 |      12 |  54.5
        D:4 |     143 |       0 |   0.0 |      14 |       0 |   0.0
        D:5 |     481 |     773 |  61.6 |      17 |       4 |  19.0
        D:6 |     852 |       0 |   0.0 |      17 |       0 |   0.0
        D:7 |    1606 |     990 |  38.1 |      24 |       5 |  17.2
        D:8 |     266 |     648 |  70.9 |       6 |       5 |  45.5
    Ossuary |       0 |     494 | 100.0 |       0 |      39 | 100.0
            +---------+---------+-------+---------+---------+-------
